 Dungeon Crawl Stone Soup version 0.23.1-37-gaa34b87 (webtiles) character file.

Game seed: 9873596610332075296

114 Kairos the Chopper (level 4, -5/41 HPs)
             Began as a Hill Orc Fighter on Mar 25, 2019.
             Killed by divine providence
             ... invoked by an orc priest
              (10 damage)
             ... on level 3 of the Dungeon.
             The game lasted 00:02:19 (2042 turns).

Kairos the Chopper (Hill Orc Fighter)               Turns: 2042, Time: 00:02:20

Health: -5/41      AC:  7    Str: 18 (19) XL:     4   Next: 97%
Magic:  4/4        EV: 12    Int:  7 (8)  God:
Gold:   167        SH:  9    Dex: 13 (15) Spells: 3/3 levels left

rFire    . . .     SeeInvis +   a - +0 war axe
rCold    . . .     Gourm    .   c - +0 shield
rNeg     . . .     Faith    .   b - +0 scale mail
rPois    .         Spirit   .   (no helmet)
rElec    .         Reflect  .   (no cloak)
rCorr    .         Harm     .   (no gloves)
MR       .....                  (no boots)
Stlth    +.........             (no amulet)
HPRegen  0.13/turn              i - ring of see invisible
MPRegen  0.09/turn              (no ring)

@: agile
A: no striking features
a: Convert to Beogh


You were on level 3 of the Dungeon.
You were hungry.

You visited 1 branch of the dungeon, and saw 3 of its levels.

You collected 167 gold pieces.

Inventory:

Hand Weapons
 a - a +0 war axe (weapon)
Armour
 b - a +0 scale mail (worn)
 c - a +0 shield (worn)
Jewellery
 i - a ring of see invisible (left hand)
Scrolls
 e - a scroll of remove curse
 j - a scroll of fog
 k - a scroll of amnesia
 n - a scroll of noise {unknown}
Potions
 d - a potion of might
 g - 2 potions of cancellation
 h - a potion of degeneration
Comestibles
 f - 8 rations


   Skills:
 + Level 4.4 Fighting
 + Level 4.4 Axes
 + Level 4.1 Armour
 + Level 0.1 Dodging
 + Level 0.1 Stealth
 + Level 3.9 Shields


You had 3 spell levels left.
You didn't know any spells.
Your spell library was empty.

Dungeon Overview and Level Annotations

Branches:
Dungeon (3/15)

Altars:


Message History

You block the orc's attack. The orc barely misses you.
Unknown command.
You slash the orc!
You kill the orc!
The orc hits you but does no damage.
Unknown command.
You hit the orc.
The orc is heavily wounded.
The orc barely misses you.
Unknown command.
Your shield and scale mail prevent you from hitting the orc.
The orc is heavily wounded.
The orc hits you but does no damage. The orc hits you with a +0 dagger.
* * * LOW HITPOINT WARNING * * *
You hit the orc.
The orc is almost dead.
An orc comes into view. It is wielding a +0 flail.
The orc priest invokes the aid of Beogh against you.
Beogh smites you!
You die... ..........#.# .....####.#.# #...## #.#.# ##.## #.#.# ##.######.#.# #..)........# #### รท...#####.### #oo

#...# #.# #o#
#..######)## #@#
#..........# #.#
...........#
###.###
#.#######..#
#.....# #.#
#..###.###.######.#
.# #......#
#........#
#..###.###.######.#
#..# #.....# #
#..####...##


You could see an orc priest and 2 orcs.

Vanquished Creatures
  A hound (D:2)
  Crazy Yiuf (D:2)
  An adder (D:3)
  An ooze (D:3)
  3 worms
  A dart slug (D:1)
  An orc (D:3)
  3 giant cockroaches
  A goblin (D:2)
  2 hobgoblins (D:1)
  6 kobolds
  A quokka (D:2)
  A ball python (D:1)
  6 bats
  3 frilled lizards
  6 rats
  A fungus (D:2)
39 creatures vanquished.

Vanquished Creatures (others)
  5 toadstools (D:1)
5 creatures vanquished.

Grand Total: 44 creatures vanquished

Notes
Turn   | Place    | Note
-------+----------+-------------------------------------------
     0 | D:1      | Kairos the Hill Orc Fighter began the quest for the Orb.
     0 | D:1      | Reached XP level 1. HP: 19/19 MP: 1/1
   204 | D:1      | Reached XP level 2. HP: 27/27 MP: 2/2
   951 | D:2      | Reached XP level 3. HP: 23/33 MP: 3/3
  1205 | D:2      | Reached XP level 4. HP: 40/41 MP: 4/4
  1577 | D:2      | Found a runed translucent door.
  1578 | D:2      | Noticed Crazy Yiuf
  1586 | D:2      | Killed Crazy Yiuf
  2042 | D:3      | Killed from afar by an orc priest

Skill      XL: |  1  2  3  4 |
---------------+-------------+-----
Fighting       | 4 |  4.4
Axes           | 3 4 |  4.4
Armour         | 4 |  4.1
Dodging        | |  0.1
Stealth        | |  0.1
Shields        | |  3.9

Action                   |  1- 3 |  4- 6 || total
-------------------------+-------+-------++-------
Melee: War axe           |    79 |    76 ||   155
  Use: Scroll            |     3 |     2 ||     5
       Potion            |     2 |     2 ||     4
  Eat: Chunk             |       |     3 ||     3
Armor: Scale mail        |    28 |    38 ||    66
Dodge: Dodged            |    24 |    19 ||    43
Block: Shield            |    37 |    30 ||    67
